| TOP OF THE 1ST |
|
New York Yankees batting - Pitching for Toronto Blue Jays : RHP Larry Legros
|
|
Pitching: RHP Larry Legros
|
|
|
Batting: LHB Jordan de Jesus
|
0-0: Ball 1-0: Ball 2-0: Swinging Strike 2-1: DOUBLE (Line Drive, 89D, EV 99.4 MPH)
|
|
Batting: RHB C.J. Richerson
|
0-0: Ball 1-0: Ground out 5-3 (Groundball, 5, EV 81.2 MPH)
|
|
Batting: SHB Bartholomeu Chambino
|
0-0: Ball 1-0: Called Strike 1-1: Foul Ball, location: 2F 1-2: Ball 2-2: Strikes out swinging
|
|
Batting: LHB David Bramble
|
0-0: Called Strike 0-1: Ball 1-1: Swinging Strike 1-2: Strikes out looking
|
| Top of the 1st over - 0 runs, 1 hit, 0 errors, 1 left on base; New York 0 - Toronto 0 |
| BOTTOM OF THE 1ST |
|
Toronto Blue Jays batting - Pitching for New York Yankees : RHP Kyle Johnson
|
|
Pitching: RHP Kyle Johnson
|
|
|
Batting: LHB Jon Schick
|
0-0: Swinging Strike 0-1: Ball 1-1: Called Strike 1-2: Strikes out swinging
|
|
Batting: LHB Gabe White
|
0-0: DOUBLE (Flyball, 8RXD, EV 104.4 MPH)
|
|
Batting: SHB Zory Larikov
|
0-0: Ball 1-0: Ball 2-0: SINGLE (Line Drive, 4M, EV 98.1 MPH) Gabe White to third
|
|
Batting: RHB Ruben Velasco
|
0-0: Ball 1-0: Ball Zory Larikov steals 2nd base 2-0: Swinging Strike 2-1: Fly out, F5 (Flyball, 5D, EV 91.9 MPH)
|
|
Batting: RHB Kirk Arp
|
0-0: Ball 1-0: Ball 2-0: Ball 3-0: Base on Balls
|
|
Batting: RHB Shigem Kubo
|
0-0: Ball 1-0: SINGLE (Groundball, 4S, EV 72.5 MPH) (infield hit) Gabe White scores Zory Larikov to third Kirk Arp to second
|
|
Batting: LHB Isto Mäyrä
|
0-0: Fly out, F8 (Line Drive, 8RD, EV 98.1 MPH)
|
| Bottom of the 1st over - 1 run, 3 hits, 0 errors, 3 left on base; New York 0 - Toronto 1 |
| TOP OF THE 2ND |
|
New York Yankees batting - Pitching for Toronto Blue Jays : RHP Larry Legros
|
|
Batting: LHB Evan Torraville
|
0-0: Called Strike 0-1: Fly out, F8 (Flyball, 78M, EV 84.4 MPH)
|
|
Batting: LHB Jim Skare
|
0-0: Called Strike 0-1: Ball 1-1: Ball 2-1: Foul Ball, location: 2F 2-2: Ball 3-2: Foul Ball, location: 2F 3-2: Strikes out swinging
|
|
Batting: LHB Yao-pang Tien
|
0-0: Fly out, F9 (Line Drive, 9, EV 92.5 MPH)
|
| Top of the 2nd over - 0 runs, 0 hits, 0 errors, 0 left on base; New York 0 - Toronto 1 |
| BOTTOM OF THE 2ND |
|
Toronto Blue Jays batting - Pitching for New York Yankees : RHP Kyle Johnson
|
|
Batting: SHB Dylan Novakowski
|
0-0: Ball 1-0: Swinging Strike 1-1: Ball 2-1: Foul Ball, location: 2F 2-2: Foul Ball, location: 2F 2-2: Ball 3-2: Ground out 2-3 (Groundball, 15S, EV 71.2 MPH)
|
|
Batting: RHB Tommy Mize
|
0-0: Fly out, F8 (Flyball, 8LXD, EV 102.5 MPH)
|
|
Batting: LHB Jon Schick
|
0-0: SINGLE (Groundball, 3D, EV 106.2 MPH)
|
|
Batting: LHB Gabe White
|
0-0: Foul Ball, location: 2F 0-1: Ball 1-1: Fielders Choice at 2nd, U6 (Groundball, 6M, EV 103.8 MPH)
|
| Bottom of the 2nd over - 0 runs, 1 hit, 0 errors, 1 left on base; New York 0 - Toronto 1 |
| TOP OF THE 3RD |
|
New York Yankees batting - Pitching for Toronto Blue Jays : RHP Larry Legros
|
|
Batting: SHB Billy Durham
|
0-0: Called Strike 0-1: Called Strike 0-2: Ball 1-2: Strikes out swinging
|
|
Batting: RHB Kai Bellow
|
0-0: Ball 1-0: Ball 2-0: Called Strike 2-1: DOUBLE (Flyball, 78XD, EV 95.6 MPH)
|
|
Batting: LHB Jordan de Jesus
|
0-0: Swinging Strike 0-1: Ball 1-1: Fly out, F7 (Flyball, 7LM, EV 86.9 MPH)
|
|
Batting: RHB C.J. Richerson
|
0-0: Ball 1-0: Ball 2-0: Foul Ball, location: 2F 2-1: Fly out, F4 (Flyball, 4D, EV 80.6 MPH)
|
| Top of the 3rd over - 0 runs, 1 hit, 0 errors, 1 left on base; New York 0 - Toronto 1 |
| BOTTOM OF THE 3RD |
|
Toronto Blue Jays batting - Pitching for New York Yankees : RHP Kyle Johnson
|
|
Batting: SHB Zory Larikov
|
0-0: Swinging Strike 0-1: Ball 1-1: Foul Ball, location: 2F 1-2: Foul Ball, location: 2F 1-2: Strikes out swinging
|
|
Batting: RHB Ruben Velasco
|
0-0: Foul Ball, location: 2F 0-1: Called Strike 0-2: Ball 1-2: SINGLE (Line Drive, 8RS, EV 109.4 MPH)
|
|
Batting: RHB Kirk Arp
|
0-0: Ball 1-0: Ball 2-0: Called Strike 2-1: Fly out, F9 (Line Drive, 9, EV 105.6 MPH)
|
|
Batting: RHB Shigem Kubo
|
0-0: Called Strike 0-1: Ball Ruben Velasco is caught stealing 2nd base 2-4
|
| Bottom of the 3rd over - 0 runs, 1 hit, 0 errors, 0 left on base; New York 0 - Toronto 1 |
| TOP OF THE 4TH |
|
New York Yankees batting - Pitching for Toronto Blue Jays : RHP Larry Legros
|
|
Batting: SHB Bartholomeu Chambino
|
0-0: SINGLE (Line Drive, 8RS, EV 98.8 MPH)
|
|
Batting: LHB David Bramble
|
0-0: Called Strike 0-1: Swinging Strike 0-2: Ball 1-2: Foul Ball, location: 2F 1-2: SINGLE (Groundball, 4MD, EV 96.9 MPH) Bartholomeu Chambino to second Runner from 2nd tries for 3rd, SAFE, throw by CF made to third
|
|
Batting: LHB Evan Torraville
|
0-0: Ball 1-0: Ball 2-0: Foul Ball, location: 2F 2-1: SINGLE (Groundball, 34S, EV 69.4 MPH) (infield hit) David Bramble to second
|
|
Batting: LHB Jim Skare
|
0-0: Called Strike 0-1: Ball 1-1: Ground out 6-3 (Groundball, 6S, EV 73.8 MPH) Bartholomeu Chambino scores David Bramble to third Evan Torraville to second
|
|
Batting: LHB Yao-pang Tien
|
0-0: Called Strike 0-1: Ball 1-1: Fly out, F4 (Popup, 34, EV 66.2 MPH)
|
|
Batting: SHB Billy Durham
|
0-0: Called Strike 0-1: Called Strike 0-2: Ball 1-2: Fly out, F8 (Flyball, 8LM, EV 96.9 MPH)
|
| Top of the 4th over - 1 run, 3 hits, 0 errors, 2 left on base; New York 1 - Toronto 1 |
| BOTTOM OF THE 4TH |
|
Toronto Blue Jays batting - Pitching for New York Yankees : RHP Kyle Johnson
|
|
Batting: RHB Shigem Kubo
|
0-0: SINGLE (Groundball, 56D, EV 98.1 MPH)
|
|
Batting: LHB Isto Mäyrä
|
0-0: Ball 1-0: Called Strike 1-1: Sac Bunt to P - play at first, batter OUT! 1-3 Shigem Kubo to second
|
|
Batting: SHB Dylan Novakowski
|
0-0: Called Strike 0-1: Ball Wild Pitch! Shigem Kubo to third 1-1: Ball 2-1: Ground out 6-3 (Groundball, 4MD, EV 103.1 MPH) Shigem Kubo scores
|
|
Batting: RHB Tommy Mize
|
0-0: Foul Ball, location: 2F 0-1: Foul Ball, location: 2F 0-2: Ball 1-2: Ball 2-2: Ground out 4-3 (Groundball, 4, EV 88.1 MPH)
|
| Bottom of the 4th over - 1 run, 1 hit, 0 errors, 0 left on base; New York 1 - Toronto 2 |
| TOP OF THE 5TH |
|
New York Yankees batting - Pitching for Toronto Blue Jays : RHP Larry Legros
|
|
Batting: RHB Kai Bellow
|
0-0: Foul Ball, location: 2F 0-1: SINGLE (Line Drive, 78S, EV 105.6 MPH)
|
|
Batting: LHB Jordan de Jesus
|
0-0: Ball 1-0: Foul Ball, location: 2F 1-1: Foul Ball, location: 2F 1-2: Foul Ball, location: 2F 1-2: Ball 2-2: Ball 3-2: Grounds into double play, 6-4-3 (Groundball, 6, EV 89.4 MPH)
|
|
Batting: RHB C.J. Richerson
|
0-0: Ball 1-0: Called Strike 1-1: Foul Ball, location: 2F 1-2: Ball 2-2: Strikes out swinging
|
| Top of the 5th over - 0 runs, 1 hit, 0 errors, 0 left on base; New York 1 - Toronto 2 |
| BOTTOM OF THE 5TH |
|
Toronto Blue Jays batting - Pitching for New York Yankees : RHP Kyle Johnson
|
|
Batting: LHB Jon Schick
|
0-0: Called Strike 0-1: Foul Ball, location: 2F 0-2: SINGLE (Line Drive, 34, EV 96.2 MPH)
|
|
Batting: LHB Gabe White
|
0-0: Ball 1-0: Foul Ball, location: 2F 1-1: Swinging Strike 1-2: Ground out 4-3 (Groundball, 34, EV 99.4 MPH) Jon Schick to second
|
|
Batting: SHB Zory Larikov
|
0-0: Ball 1-0: SINGLE (Line Drive, 78S, EV 89.4 MPH) Jon Schick to third
|
|
Batting: RHB Ruben Velasco
|
0-0: Ball 1-0: Called Strike 1-1: Ball Zory Larikov is caught stealing 2nd base 2-4 2-1: Ball 3-1: Called Strike 3-2: Foul Ball, location: 2F 3-2: Ground out 5-3 (Groundball, 56S, EV 67.5 MPH)
|
| Bottom of the 5th over - 0 runs, 2 hits, 0 errors, 1 left on base; New York 1 - Toronto 2 |
| TOP OF THE 6TH |
|
New York Yankees batting - Pitching for Toronto Blue Jays : RHP Larry Legros
|
|
Batting: SHB Bartholomeu Chambino
|
0-0: Called Strike 0-1: Called Strike 0-2: Fly out, F8 (Flyball, 8LXD, EV 101.2 MPH)
|
|
Batting: LHB David Bramble
|
0-0: Called Strike 0-1: Ball 1-1: Ball 2-1: Foul Ball, location: 2F 2-2: Strikes out swinging
|
|
Batting: LHB Evan Torraville
|
0-0: Ball 1-0: SOLO HOME RUN (Flyball, 9D, EV 98.8 MPH), Distance : 399 ft
|
|
Batting: LHB Jim Skare
|
0-0: Ground out 1-3 (Groundball, 23, EV 75.0 MPH)
|
| Top of the 6th over - 1 run, 1 hit, 0 errors, 0 left on base; New York 2 - Toronto 2 |
| BOTTOM OF THE 6TH |
|
Toronto Blue Jays batting - Pitching for New York Yankees : RHP Kyle Johnson
|
|
Batting: RHB Kirk Arp
|
0-0: Ball 1-0: Called Strike 1-1: Ground out 5-3 (Groundball, 56, EV 86.9 MPH)
|
|
Batting: RHB Shigem Kubo
|
0-0: Swinging Strike 0-1: SINGLE (Groundball, 6, EV 99.4 MPH)
|
|
Batting: LHB Isto Mäyrä
|
0-0: Ball 1-0: Ball Shigem Kubo steals 2nd base 2-0: Intentional Walk
|
|
Batting: SHB Dylan Novakowski
|
0-0: Called Strike 0-1: Called Strike 0-2: Strikes out swinging
|
|
Batting: RHB Tommy Mize
|
0-0: Called Strike 0-1: Fly out, F7 (Line Drive, 7D, EV 91.9 MPH)
|
| Bottom of the 6th over - 0 runs, 1 hit, 0 errors, 2 left on base; New York 2 - Toronto 2 |
| TOP OF THE 7TH |
|
New York Yankees batting - Pitching for Toronto Blue Jays : RHP Larry Legros
|
|
Batting: LHB Yao-pang Tien
|
0-0: Ground out 4-3 (Groundball, 4D, EV 106.2 MPH)
|
|
Batting: SHB Billy Durham
|
0-0: Called Strike 0-1: Ball 1-1: Fly out, F8 (Line Drive, 8RD, EV 105.6 MPH)
|
|
Batting: RHB Kai Bellow
|
0-0: Ball 1-0: TRIPLE (Line Drive, 78XD, EV 101.2 MPH)
|
|
Batting: LHB Jordan de Jesus
|
0-0: Ball 1-0: Ball 2-0: Called Strike 2-1: Foul Ball, location: 2F 2-2: Ball 3-2: SINGLE (Groundball, 6MD, EV 99.4 MPH) Kai Bellow scores
|
|
Batting: RHB C.J. Richerson
|
0-0: Ball Jordan de Jesus steals 2nd base 1-0: Foul Ball, location: 2F 1-1: Fly out, F4 (Popup, 34S, EV 86.2 MPH)
|
| Top of the 7th over - 1 run, 2 hits, 0 errors, 1 left on base; New York 3 - Toronto 2 |
| BOTTOM OF THE 7TH |
|
Toronto Blue Jays batting - Pitching for New York Yankees : RHP Kyle Johnson
|
|
Batting: LHB Jon Schick
|
0-0: Swinging Strike 0-1: Ground out 4-3 (Groundball, 4M, EV 98.1 MPH)
|
|
Batting: LHB Gabe White
|
0-0: Fly out, F7 (Line Drive, 7, EV 98.1 MPH)
|
|
Batting: SHB Zory Larikov
|
0-0: DOUBLE (Line Drive, 7LM, EV 102.5 MPH)
|
|
Batting: SHB Matt Altieri
|
0-0: Foul Ball, location: 2F 0-1: Swinging Strike 0-2: Ball 1-2: Foul Ball, location: 2F 1-2: Fly out, F7 (Flyball, 7LS, EV 93.1 MPH)
|
| Bottom of the 7th over - 0 runs, 1 hit, 0 errors, 1 left on base; New York 3 - Toronto 2 |
| TOP OF THE 8TH |
|
New York Yankees batting - Pitching for Toronto Blue Jays : RHP Larry Legros
|
|
Batting: SHB Bartholomeu Chambino
|
0-0: Called Strike 0-1: Fly out, F8 (Flyball, 78D, EV 108.8 MPH)
|
|
Batting: LHB David Bramble
|
0-0: Ball 1-0: Ball 2-0: Foul Ball, location: 2F 2-1: SINGLE (Line Drive, 8RS, EV 93.8 MPH)
|
|
Pitching: LHP Tim Franco
|
|
|
Batting: LHB Evan Torraville
|
0-0: Called Strike 0-1: Swinging Strike 0-2: Ball 1-2: Strikes out swinging
|
|
Batting: RHB Geni Prawiranega
|
0-0: Called Strike 0-1: Ball 1-1: Ball 2-1: Foul Ball, location: 2F 2-2: Strikes out swinging
|
| Top of the 8th over - 0 runs, 1 hit, 0 errors, 1 left on base; New York 3 - Toronto 2 |
| BOTTOM OF THE 8TH |
|
Toronto Blue Jays batting - Pitching for New York Yankees : RHP Kyle Johnson
|
|
Batting: RHB Kirk Arp
|
0-0: Ground out 4-3 (Groundball, 6M, EV 102.5 MPH)
|
|
Batting: RHB Shigem Kubo
|
0-0: Called Strike 0-1: Ball 1-1: Fly out, F8 (Flyball, 8RD, EV 86.2 MPH)
|
|
Batting: LHB Isto Mäyrä
|
0-0: Foul Ball, location: 2F 0-1: Ball 1-1: Foul Ball, location: 2F 1-2: Ball 2-2: SINGLE (Groundball, 4D, EV 96.2 MPH)
|
|
Pitching: LHP Robert Cruz
|
|
|
Batting: SHB Dylan Novakowski
|
0-0: Ball Wild Pitch! Isto Mäyrä to second 1-0: Ball 2-0: Called Strike 2-1: Ground out 5-3 (Groundball, 56S, EV 76.9 MPH)
|
| Bottom of the 8th over - 0 runs, 1 hit, 0 errors, 1 left on base; New York 3 - Toronto 2 |
| TOP OF THE 9TH |
|
New York Yankees batting - Pitching for Toronto Blue Jays : LHP Tim Franco
|
|
Batting: LHB Yao-pang Tien
|
0-0: Ball 1-0: Swinging Strike 1-1: Swinging Strike 1-2: Foul Ball, location: 2F 1-2: Ball 2-2: Strikes out swinging
|
|
Pitching: LHP Katsumi Omura
|
|
|
Batting: SHB Billy Durham
|
0-0: Ball 1-0: Foul Ball, location: 2F 1-1: Foul Ball, location: 2F 1-2: Strikes out swinging
|
|
Batting: RHB Kai Bellow
|
0-0: Ball 1-0: Foul Ball, location: 2F 1-1: Foul Ball, location: 2F 1-2: Ball 2-2: Foul Ball, location: 2F 2-2: Ball 3-2: Strikes out swinging
|
| Top of the 9th over - 0 runs, 0 hits, 0 errors, 0 left on base; New York 3 - Toronto 2 |
| BOTTOM OF THE 9TH |
|
Toronto Blue Jays batting - Pitching for New York Yankees : LHP Robert Cruz
|
|
Now at 1B: Yao-pang Tien
|
|
|
Now in LF: David Bramble
|
|
|
Now in CF: Alejandro Soriano
|
|
|
Now in RF: Evan Torraville
|
|
|
Batting: RHB Tommy Mize
|
0-0: Ball 1-0: Called Strike 1-1: Foul Ball, location: 2F 1-2: Ground out 6-3 (Groundball, 56S, EV 64.4 MPH)
|
|
Pinch Hitting: RHB Cole Zelinski
|
0-0: Foul Ball, location: 2F 0-1: Fly out, F4 (Flyball, 4MD, EV 93.8 MPH)
|
|
Pinch Hitting: RHB Adam Burke
|
0-0: Foul Ball, location: 2F 0-1: Called Strike 0-2: Strikes out swinging
|
| Bottom of the 9th over - 0 runs, 0 hits, 0 errors, 0 left on base; New York 3 - Toronto 2 |
|